 Dungeon Crawl Stone Soup version 0.31-a0-1388-g4b2ba238e7 (webtiles) character file.

Game seed: 17561436370973700265

2 grandjackal the Slasher (level 1, -1/16 HPs)
             Began as a Demonspawn Gladiator on Dec 24, 2023.
             Slain by an endoplasm (2 damage)
             ... on level 1 of the Dungeon.
             The game lasted 00:00:04 (57 turns).

grandjackal the Slasher (Demonspawn Gladiator)        Turns: 57, Time: 00:00:06

Health: -1/16      AC:  4    Str: 14    XL:     1   Next: 33%
Magic:  1/1        EV: 12    Int:  8    God:
Gold:   7          SH:  0    Dex: 14    Spells: 0/0 levels left

rFire   . . .        a - +0 long sword
rCold   . . .        (no shield)
rNeg    . . .        b - +0 leather armour
rPois   .            c - +0 helmet
rElec   .            (no cloak)
rCorr   .            (no gloves)
SInv    .            (no boots)
Will    .....        (no amulet)
Stlth   +            (no ring)
HPRegen 0.22/turn    (no ring)
MPRegen 0.07/turn

%: no passive effects
@: no status effects
A: no striking features
a: no special abilities


You were on level 1 of the Dungeon.
You visited 1 branch of the dungeon, and saw 1 of its levels.

You collected 7 gold pieces.

Inventory:

Hand Weapons
 a - a +0 long sword (weapon)
Missiles
 d - 3 throwing nets (quivered)
 e - a javelin
Armour
 b - a +0 leather armour (worn)
 c - a +0 helmet (worn)


   Skills:
 + Level 2.0 Fighting
 + Level 2.7 Long Blades
 + Level 1.8 Throwing
 + Level 2.7 Dodging


You couldn't memorise any spells.
You didn't know any spells.
Your spell library was empty.

Dungeon Overview and Level Annotations

Branches:
Dungeon (1/15)

Altars:


Message History

Press ? for a list of commands and other information.
Found a staircase leading out of the dungeon.
You now have 7 gold pieces.
Found a stone staircase leading down.
There is a stone staircase leading down here.
Found 5 stones.
A giant cockroach comes into view.
An endoplasm comes into view.
The helpless giant cockroach fails to defend itself.
You hit the giant cockroach.
The giant cockroach is almost dead.
The giant cockroach closely misses you.
You slash the giant cockroach!
You kill the giant cockroach!
The endoplasm quivers.
A kobold comes into view. It is wielding a +4 short sword.
Found a robe and a club.
The kobold shouts!
You hear a shout!
An endoplasm comes into view.
Found a ring mail.
The endoplasm hits you but does no damage.
The endoplasm quivers.
You slash the endoplasm!
You kill the endoplasm!
You closely miss the kobold. The kobold completely misses you.
The kobold barely misses you.
You barely miss the kobold.
A ball python comes into view.
The kobold hits you but does no damage.
You closely miss the kobold. The kobold closely misses you.
You hit the endoplasm but do no damage. The endoplasm freezes you.
You are frozen.
The kobold misses you.
You hit the endoplasm but do no damage. The endoplasm hits you.
The kobold hits you with a +4 short sword.
The kobold hits you with a +4 short sword!
Ouch! That really hurt!
* * * LOW HITPOINT WARNING * * *
The endoplasm hits you.
You die...

#### ...... #..##..
####... .#.## .##..##
....... .. .. #..##
.......## # .##..##..
.......)# .. #.. #..
#.......################
#..#..(..............>..
............############
#.##.J@###...# #.K.#
###..... #...# #####
.S.... ....[.# .........
.....#### .....


You could see an endoplasm, a ball python and a kobold.

Vanquished Creatures
  An endoplasm (D:1)
  A giant cockroach (D:1)
2 creatures vanquished.

Notes
Turn   | Place    | Note
-------+----------+-------------------------------------------
     0 | D:1      | grandjackal the Demonspawn Gladiator began the quest for
                  | the Orb.
     0 | D:1      | Reached XP level 1. HP: 16/16 MP: 1/1
    57 | D:1      | Slain by an endoplasm

Illustrated notes

Levels and vault maps discovered:
D:1:      lightli_iron_boxes, layout_rooms, grunt_decor_fettered,
          minmay_pentomino_p2

Action                     || total
---------------------------++-------
  Melee: Long sword        ||     8
   Stab: Sleeping          ||     1
 Armour: Leather armour    ||     6
  Dodge: Dodged            ||     5

Table legend: (Time is in decaauts)
 A = Elapsed time spent in this place.
 B = Non-inter-level travel time spent in this place.
 C = Inter-level travel time spent in this place.
 D = Time resting spent in this place.
 E = Time spent auto-exploring this place.
 F = Levels seen in this place.
 G = Mean time per level.
                   A        B        C        D        E       F      G
               +--------+--------+--------+--------+--------+-----+--------+
         Total |     58 |     58 |      0 |      0 |     42 |   1 |   58.0 |
       Dungeon |     58 |     58 |      0 |      0 |     42 |   1 |   58.0 |
               +--------+--------+--------+--------+--------+-----+--------+

Top non-repeatable levels by time:
     D:1: 58 daAuts
